 Dungeon Crawl Stone Soup version 0.31.0-32-g396128a36d (webtiles) character file.

Game seed: 10242627477686912111

800 Ijustatesigmund the Conjurer (level 7, -4/49 HPs)
             Began as an Octopode Conjurer on Mar 21, 2024.
             Was a Follower of Cheibriados.
             Slain by a steam dragon (6 damage)
             ... on level 6 of the Dungeon.
             The game lasted 00:10:55 (6945 turns).

Ijustatesigmund the Conjurer (Octopode Conjurer)    Turns: 6945, Time: 00:10:55

Health: -4/49      AC:  1    Str:  9    XL:     7   Next: 90%
Magic:  2/13       EV: 13    Int: 25    God:    Cheibriados [*.....]
Gold:   262        SH:  0    Dex: 14    Spells: 7/14 levels left

rFire   + . .        C - +3 dire flail
rCold   . . .        (shield currently unavailable)
rNeg    + . .        (helmet restricted)
rPois   +            (no amulet)
rElec   .            d - ring of willpower
rCorr   .            e - ring of protection from fire
SInv    .            n - ring of positive energy
Will    +....        r - +4 ring of slaying
Stlth   +++          A - ring of poison resistance
HPRegen 0.28/turn    (no ring)
MPRegen 0.13/turn    (no ring)
                     (no ring)

%: no passive effects
@: very slightly contaminated, very slow
A: almost no armour, amphibious, 8 rings, camouflage 1, gelatinous body 1,
(nimble swimmer 1), tentacles
a: Renounce Religion, Bend Time


You were on level 6 of the Dungeon.
You worshipped Cheibriados.
Cheibriados was aware of your devotion.
You visited 2 branches of the dungeon, and saw 7 of its levels.

You collected 262 gold pieces.

Inventory:

Hand Weapons
 g - a +0 war axe
 C - a +3 dire flail (weapon)
Missiles
 f - 2 silver javelins (quivered)
Jewellery
 d - a ring of willpower (left tentacle)
 e - a ring of protection from fire (right tentacle)
 n - a ring of positive energy (on tentacle)
 r - a +4 ring of slaying (on tentacle)
 A - a ring of poison resistance (on tentacle)
Wands
 p - a wand of flame (17)
Scrolls
 c - a scroll of teleportation {unknown}
 j - a scroll of brand weapon {unknown}
 k - a scroll of enchant weapon {unknown}
 l - a scroll of blinking {unknown}
 m - a scroll of torment {unknown}
 q - a scroll of identify
 s - a scroll of silence {unknown}
 u - a scroll of amnesia {unknown}
 y - a scroll of fog {unknown}
 B - 2 scrolls of fear {unknown}
 D - a scroll of butterflies {unknown}
Potions
 a - a potion of magic
 b - a potion of heal wounds
 h - 2 potions of curing
 i - a potion of invisibility
 o - 3 potions of cancellation
 t - a potion of degeneration {unknown}
 v - a potion of might {unknown}
 w - a potion of mutation {unknown}
 x - a potion of haste {unknown}
 z - 2 potions of lignification {unknown}


   Skills:
 + Level 4.3 Fighting
 - Level 2.0 Dodging
 - Level 2.6 Stealth
 + Level 4.4 Spellcasting
 - Level 4.5 Conjurations
 + Level 3.6 Translocations
 + Level 3.4 Invocations


You had 7 spell levels left.
You knew the following spells:

 Your Spells              Type           Power      Damage    Failure   Level
a - Magic Dart            Conj           100%       1d8       1%          1
b - Searing Ray           Conj           56%        2d6       1%          2
c - Iskenderun's Mystic   Conj/Tloc      26%        2d7       16%         4

Your spell library contained the following spells:

 Spells                   Type           Power      Damage    Failure   Level
 Ensorcelled Hibernation  Hex/Ice        10%        N/A       13%         2
 Sublimation of Blood     Necr           5%         N/A       13%         2
 Passwall                 Erth           5%         N/A       26%         3
 Swiftness                Air            5%         N/A       26%         3
 Fulminant Prism          Conj/Alch      8%         3d6       34%         4
 Petrify                  Alch/Erth      5%         N/A       65%         4
 Irradiate                Conj/Alch      8%         3d14      67%         5


Dungeon Overview and Level Annotations

Branches:
Dungeon (6/15)             Temple (1/1) D:4

Altars:
Ashenzari
Cheibriados
Elyvilon
Fedhas
Hepliaklqana
Kikubaaqudgha
Makhleb
Nemelex Xobeh
Okawaru
Qazlal
Wu Jian
Xom
Yredelemnul
Zin
The Shining One

Annotations:
D:4 3 runed translucent doors, initialeyes's ghost, amateur HuFi


Innate Abilities, Weirdness & Mutations

You cannot wear most types of armour.
You are amphibious.
You can wear up to eight rings at the same time.
Your skin changes colour to match your surroundings (Stealth+).
Your rubbery body absorbs attacks. (AC +1, EV +1)
((You are camouflaged when in or above water. (Stealth+)))
You have tentacles for arms and can constrict up to eight enemies at once.


Message History

You lose your grip on the hound.
The hound is knocked back by the mystic blast.
The mystic blast hits the steam dragon.
The steam dragon is lightly wounded.
The steam dragon is knocked back by the mystic blast.
The steam dragon slams into the rock wall!
The steam dragon is lightly wounded.
You sock the steam dragon!
The steam dragon is heavily wounded.
The steam dragon closely misses you. The steam dragon barely misses you.
You sock the steam dragon!
The steam dragon is almost dead.
The hound barely misses you. The steam dragon breathes steam at you.
The ball of steam misses you. The hound bites you. The steam dragon bites you!
The steam dragon barely misses you.
You hear an angry growl.
Casting: Iskenderun's Mystic Blast (quite dangerous; 19% risk of failure)
Confirm with . or Enter, or press ? or * to list all spells.
You erupt in a blast of force!
The mystic blast hits the hound!
You kill the hound!
Cheibriados thoroughly appreciates the change of pace.
Cheibriados raises the support of your attributes as your movement slows.
The mystic blast hits the steam dragon.
The steam dragon is almost dead.
The steam dragon is knocked back by the mystic blast.
The steam dragon slams into the rock wall!
You closely miss the steam dragon. Your squeeze misses the steam dragon.
The steam dragon is almost dead.
The steam dragon closely misses you.
The steam dragon claws you but does no damage.
You completely miss the steam dragon.
You squeeze the steam dragon, but do no damage.
The steam dragon is almost dead.
The steam dragon bites you!
* * * LOW HITPOINT WARNING * * *
The steam dragon claws you.
* * * LOW HITPOINT WARNING * * *
The steam dragon barely misses you. The steam dragon claws you.
You die...

..#...#...#........#.............
.................. ###....#......
#........#......### #...##....#.
..................####..###.#..#.
#...................###..........
#................##...#..........
..#............§..#..##..........
..#.....#...##§.###.............[
........#......§@####............
......#..#.....§D§.##.###...##...
.#.......#......#..#### #..## #.#
##............#.##..# #.## ..
....###.......#.. .## #.# ..###
##........ .. .# .## ..###.... ..
..# ... ... ..#


You could see a steam dragon.

Vanquished Creatures
  A centaur (D:5)
  A phantom (D:5)
  4 wights
  2 hounds
  An orc priest (D:5)
  2 jellies
  5 iguanas
  An orc wizard (D:5)
  4 adders
  2 dart slugs (D:1)
  3 ribbon worms
  12 orcs
  6 endoplasms
  2 giant cockroaches
  8 hobgoblins
  5 jackals
  5 kobolds
  6 quokkas
  3 ball pythons
  6 bats
  4 frilled lizards
  8 goblins
  6 rats
  2 butterflies (D:4)
99 creatures vanquished.

Notes
Turn   | Place    | Note
-------+----------+-------------------------------------------
     0 | D:1      | Ijustatesigmund the Octopode Conjurer began the quest for
                  | the Orb.
     0 | D:1      | Reached XP level 1. HP: 11/11 MP: 3/3
   288 | D:1      | Reached XP level 2. HP: 16/18 MP: 0/5
   291 | D:1      | Learned a level 2 spell: Searing Ray
   557 | D:1      | Reached skill level 1 in Fighting
   868 | D:1      | Reached XP level 3. HP: 23/23 MP: 4/6
  1326 | D:2      | Found an ancient bone altar of Kikubaaqudgha.
  2389 | D:3      | Reached XP level 4. HP: 29/29 MP: 4/8
  2394 | D:3      | Learned a level 4 spell: Iskenderun's Mystic Blast
  2712 | D:3      | Found a faded altar of an unknown god.
  2881 | D:3      | Found a burning altar of Makhleb.
  3080 | D:4      | Found a shimmering altar of Xom.
  3189 | D:4      | Reached skill level 1 in Translocations
  3439 | D:4      | Reached XP level 5. HP: 35/35 MP: 7/9
  3580 | D:4      | Found a staircase to the Ecumenical Temple.
  3612 | Temple   | Entered the Ecumenical Temple
  3627 | Temple   | Became a worshipper of Cheibriados the Contemplative
  3748 | D:4      | Found a runed translucent gate.
  3748 | D:4      | Found a runed translucent gate.
  3748 | D:4      | Found a runed translucent gate.
  3748 | D:4      | Noticed initialeyes's ghost (amateur HuFi)
  4142 | D:5      | Entered Level 5 of the Dungeon
  4143 | D:5      | Found a white marble altar of Elyvilon.
  4158 | D:5      | Noticed a phantom
  4175 | D:5      | Killed a phantom
  4176 | D:5      | Reached skill level 1 in Invocations
  4176 | D:5      | Reached XP level 6. HP: 9/42 MP: 0/11
  4732 | D:5      | Reached * piety under Cheibriados
  4733 | D:5      | Reached XP level 7. HP: 45/46 MP: 6/12
  5052 | D:5      | Found a blossoming altar of Fedhas.
  6935 | D:6      | Noticed a steam dragon
  6945 | D:6      | HP: 2/49 [steam dragon (6)]
  6945 | D:6      | Slain by a steam dragon

Illustrated notes

Levels and vault maps discovered:
D:1:      lemuel_arrival_hallway, layout_rooms, serial_corexii_hall,
          corexii_hall_statues_l, chequers_hall_statues_corner_a,
          chequers_hall_statues_wall_a, chequers_hall_statues_y,
          corexii_hall_statues_u, corexii_hall_statues_u,
          palyth_stone_intersect, minmay_hexomino_u4
D:2:      layout_basic, basic_altar, wander_ebering_terrifying_dragon_lair
D:3:      layout_rooms, lightli_temple_of_fire, basic_ecumenical_altar,
          hex_large
D:4:      layout_loops_ring, xom_teletrap_fun, minmay_temple_entry_butterflies,
          gammafunk_ghost_necromancy
D:5:      layout_loops_ring, mainiacjoe_overflow_alcove_1,
          fedhas_altar_fruit_tree, nicolae_figureground_sparkle
D:6:      layout_cave_pools, grunt_temple_overflow_magic_moments,
          ebering_ghost_reflecting_pool
Temple:   nicolae_temple_ecumenical_triangle

Skill      XL: |  1  2  3  4  5  6  7 |
---------------+----------------------+-----
Fighting       | 1 2 3 4 |  4.3
Spellcasting   | 3 4 |  4.4
Translocations | 1 2 3 |  3.6
Invocations    | 1 2 3 |  3.4
Dodging        | |  2.0
Stealth        | |  2.6
Conjurations   | |  4.5

Action                     |  1- 3 |  4- 6 |  7- 9 || total
---------------------------+-------+-------+-------++-------
  Melee: Unarmed           |    13 |       |       ||    13
         Tentacles         |     5 |     6 |     3 ||    14
         Constrict         |     3 |     5 |     4 ||    12
         Mace              |     1 |    23 |    10 ||    34
         Dire flail        |       |       |     5 ||     5
  Throw: Javelin           |       |     1 |       ||     1
   Cast: Magic Dart        |    83 |    77 |    26 ||   186
         Searing Ray       |     1 |     6 |    11 ||    18
         Iskenderun's Myst |       |       |     3 ||     3
    Use: Scroll            |       |     3 |       ||     3
         Potion            |       |     1 |     1 ||     2
 Armour: Skin              |    14 |    36 |    42 ||    92
  Dodge: Dodged            |     8 |    36 |    39 ||    83
